 Dungeon Crawl Stone Soup version 0.22.0-18-ge075c0de6d (webtiles) character file.

102 Jukra the Conjurer (level 4, 0/33 HPs)
             Began as a Draconian Conjurer on Aug 19, 2018.
             Slain by a worker ant (6 damage)
             ... on level 3 of the Dungeon.
             The game lasted 00:10:20 (2144 turns).

Jukra the Conjurer (Draconian Conjurer)             Turns: 2144, Time: 00:10:20

Health: 0/33       AC:  5    Str: 11    XL:     4   Next: 49%
Magic:  1/8        EV: 12    Int: 16    God:
Gold:   82         SH:  0    Dex: 11    Spells: 5/8 levels left

rFire    . . .     SeeInvis .   k - +0 whip
rCold    . . .     Gourm    .   (no shield)
rNeg     . . .     Faith    .   (armour unavailable)
rPois    .         Spirit   .   (helmet restricted)
rElec    .         Reflect  .   (no cloak)
rCorr    +         Harm     .   (no gloves)
MR       +....                  (no boots)
Stlth    ++........             (no amulet)
HPRegen  0.11/turn              d - ring of resist corrosion
MPRegen  0.11/turn              i - ring of protection from magic

@: very slightly contaminated
A: unfitting armour, cold-blooded, AC +5
a: no special abilities


You were on level 3 of the Dungeon.
You were not hungry.

You visited 1 branch of the dungeon, and saw 3 of its levels.

You collected 82 gold pieces.

Inventory:

Hand Weapons
 k - a +0 whip (weapon)
Jewellery
 d - a ring of resist corrosion (left hand)
 i - a ring of protection from magic (right hand)
 m - an uncursed ring of wizardry {unknown}
 o - a cursed amulet of inaccuracy {unknown}
Scrolls
 a - 4 scrolls of remove curse {unknown}
 e - a scroll of amnesia {unknown}
 f - a scroll of fear {unknown}
 g - a scroll of enchant armour {unknown}
 h - 4 scrolls of identify {unknown}
 j - a scroll of immolation {unknown}
 l - a scroll of magic mapping {unknown}
Potions
 c - 3 potions of haste {unknown}
 n - 2 potions of heal wounds {unknown}
Comestibles
 b - 4 rations


   Skills:
 * Level 1.6 Maces & Flails
 * Level 2.2 Dodging
 + Level 2.0 Stealth
 * Level 2.7 Spellcasting
 * Level 4.8 Conjurations


You had 5 spell levels left.
You knew the following spells:

 Your Spells              Type           Power        Failure   Level  Hunger
a - Magic Dart            Conj           ###.         2%          1    #......
b - Searing Ray           Conj           ###...       4%          2    ##.....

Your spell library contained the following spells:

 Spells                   Type           Power        Failure   Level  Hunger
 Dazzling Spray           Conj/Hex       #.....       22%         3    ###....
 Iskenderun's Mystic Bla  Conj           ###.....     26%         4    #####..
 Force Lance              Conj/Tloc      #.......     56%         4    #####..
 Fulminant Prism          Conj/Hex       #.........   56%         4    #####..


Dungeon Overview and Level Annotations

Branches:
Dungeon (3/15)

Altars:


Innate Abilities, Weirdness & Mutations

Your plain brown scales are hard. (AC +5)
You cannot fit into any form of body armour.
You are cold-blooded and may be slowed by cold attacks.


Message History

You are too injured to fight recklessly!
You are too injured to fight recklessly!
You are too injured to fight recklessly!
You are too injured to fight recklessly!
You hit the worker ant.
The worker ant is lightly wounded.
The worker ant closely misses you. The orc misses you.
You hit the worker ant.
Your tail-slap misses the worker ant.
The worker ant is lightly wounded.
The worker ant misses you. The orc hits you with a dagger.
* * * LOW HITPOINT WARNING * * *
You barely miss the worker ant.
The worker ant is lightly wounded.
The worker ant bites you but does no damage.
The orc hits you with a dagger.
* * * LOW HITPOINT WARNING * * *
You barely miss the worker ant.
The worker ant is lightly wounded.
The worker ant bites you.
You die...

#### .... )....
..... ...... .≈###
#......
.≈...########og.....
.......<....@a##...
...................#
#####.........###.##
#............#
#.#.)..[###..#
....(#..).....#
.###.#...###.##
....... ...
#.......## ..


You could see a worker ant, an orc and a goblin.

Vanquished Creatures
  Natasha (D:2)
  An adder (D:2)
  2 oozes (D:1)
  2 dart slugs (D:2)
  A leopard gecko (D:1)
  2 orcs (D:3)
  7 bats
  A giant cockroach (D:1)
  7 goblins
  5 hobgoblins
  6 jackals (D:1)
  2 ball pythons
  2 frilled lizards
  5 kobolds
  5 rats
49 creatures vanquished.

Notes
Turn   | Place    | Note
-------+----------+-------------------------------------------
     0 | D:1      | Jukra the Draconian Conjurer began the quest for the Orb.
     0 | D:1      | Reached XP level 1. HP: 14/14 MP: 3/3
   305 | D:1      | Reached XP level 2. HP: 18/20 MP: 0/5
   647 | D:1      | Learned a level 2 spell: Searing Ray
   783 | D:1      | Reached XP level 3. HP: 22/26 MP: 3/6
  1660 | D:2      | Noticed Natasha
  1661 | D:2      | Reached XP level 4. HP: 33/33 MP: 5/8
  1665 | D:2      | Killed Natasha
  1665 | D:2      | Reached skill level 1 in Maces & Flails
  2144 | D:3      | Slain by a worker ant

Skill      XL: |  1  2  3  4 |
---------------+-------------+-----
Dodging        | 2 |  2.2
Maces & Flails | 1 |  1.6
Stealth        | 2 |  2.0
Spellcasting   | |  2.7
Conjurations   | |  4.8

Action                   |  1- 3 |  4- 6 || total
-------------------------+-------+-------++-------
Melee: Unarmed           |    37 |       ||    37
       Tailslap          |     8 |     1 ||     9
       Whip              |    28 |     8 ||    36
 Cast: Magic Dart        |    58 |       ||    58
       Searing Ray       |     5 |     9 ||    14
  Eat: Ration            |     1 |     1 ||     2
       Chunk             |       |     1 ||     1
Armor: Skin              |    32 |     3 ||    35
Dodge: Dodged            |    51 |    13 ||    64
